AoeStats
← GhostyD

Nomad

510580147Analyzed
2v2 RM · 20h ago on Oct 1, 2026· 45m 13s· 4 players
Game mode
Random Map
Map size
176×176
Population
200
Speed
Normal
Resources
Standard
Victory
Conquest
Starting age
Dark Age
Ending age
Imperial Age
RankedLock teamsTeams togetherTeam positionsShared explorationLock speedFull tech treeHidden civsTurbo modeCheats
Victory
Defeat
🇹🇷 Tatars · Türkiye
1399
+13
🇹🇷 Hindustanis · Türkiye
1356
+14
🇳🇴 Varangians · Norway
1334
-14
🇳🇴 Koreans · Norway
1307
-13
MS-Skitat
5:25 Loom
14:33 Feudal Age
20:40 Castle Age
21:54 Town Watch
22:12 Double-Bit Axe
22:28 Gold Mining
23:22 Fletching
24:08 Horse Collar
25:47 Bow Saw
28:02 Bodkin Arrow
32:11 Ballistics
33:29 Wheelbarrow
34:00 Husbandry
40:06 Imperial Age
43:42 Chemistry
45:20 Bracer
GhostyD
5:31 Loom
12:41 Feudal Age
13:35 Double-Bit Axe
14:51 Fletching
22:37 Castle Age
22:54 Gold Mining
23:25 Bodkin Arrow
25:07 Fishing Lines
25:40 Bow Saw
31:46 Gillnets
38:31 Imperial Age
36:04 Horse Collar
37:57 Wheelbarrow
37:38 Padded Archer Armor
37:40 Scale Mail Armor
37:50 Forging
37:24 Elite Skirmisher
39:01 Leather Archer Armor
39:13 Bracer
mert3x
3:40 Loom
12:30 Feudal Age
22:25 Castle Age
23:17 Medium Warships
27:16 Wheelbarrow
27:28 Fletching
27:58 Double-Bit Axe
29:23 Bodkin Arrow
34:44 Imperial Age
33:28 Padded Archer Armor
36:00 Leather Archer Armor
37:44 Conscription
39:52 Ring Archer Armor
40:24 Fortified Wall
40:34 Ballistics
41:15 Chemistry
43:35 Onager
BEagLe
4:44 Loom
12:36 Feudal Age
21:18 Castle Age
22:30 Double-Bit Axe
23:07 Horse Collar
24:58 Gold Mining
25:49 Scale Mail Armor
26:05 Forging
28:11 Squires
30:13 Wheelbarrow
32:11 Gold Shaft Mining
33:21 Chain Mail Armor
37:45 Imperial Age
37:18 Iron Casting
37:02 Grand Trunk Road
38:35 Elite Ghulam
40:41 Blast Furnace
44:17 Chemistry
43:38 Ballistics
45:06 Conscription
Connection lost

Rejoining the realm…

Still unreachable

The connection could not be restored.

Session expired

The server has moved on; the page needs a fresh start.